 Dungeon Crawl Stone Soup version 0.27-a0-1136-g0b992a5a9d (webtiles) character file.

Game seed: 8236898952657141304

47 reriks the Stinger (level 3, -6/23 HPs)
             Began as an Octopode Venom Mage on May 4, 2021.
             Was a Follower of Fedhas.
             Mangled by Grinder (11 damage)
             ... on level 2 of the Dungeon.
             The game lasted 00:03:54 (2397 turns).

reriks the Stinger (Octopode Venom Mage)            Turns: 2397, Time: 00:03:54

Health: -6/23      AC:  1    Str:  7    XL:     3   Next: 70%
Magic:  0/6        EV: 13    Int: 18    God:    Fedhas [*.....]
Gold:   49         SH:  0    Dex: 12    Spells: 5/6 levels left

rFire    . . .     SeeInvis .   a - +0 short sword
rCold    . . .     Faith    .   (no shield)
rNeg     . . .     Spirit   .   (helmet restricted)
rPois    .         Reflect  .   (no amulet)
rElec    .         Harm     .   (no ring)
rCorr    .         Rampage  .   (no ring)
Will     .....                  (no ring)
Stlth    +++.......             (no ring)
HPRegen  0.07/turn              (no ring)
MPRegen  0.10/turn              (no ring)
                                (no ring)
                                (no ring)

@: brilliant, attractive, flying
A: almost no armour, amphibious, 8 rings, camouflage 1, gelatinous body 1,
(nimble swimmer 1), tentacles
a: Renounce Religion


You were on level 2 of the Dungeon.
You worshipped Fedhas.
Fedhas was aware of your devotion.
You visited 1 branch of the dungeon, and saw 3 of its levels.

You collected 49 gold pieces.

Inventory:

Hand Weapons
 a - a +0 short sword (weapon)
 d - a +0 short sword
Missiles
 b - 42 stones
Jewellery
 h - a +6 ring of intelligence
Scrolls
 i - a scroll of amnesia {unknown}
 j - a scroll of teleportation {unknown}
 k - a scroll of vulnerability {unknown}
Potions
 e - 2 potions of curing
 f - a potion of flight


   Skills:
 + Level 1.2 Fighting
 + Level 2.4 Dodging
 + Level 3.2 Stealth
 + Level 2.2 Spellcasting
 + Level 1.6 Transmutations
 + Level 4.0 Poison Magic


You had 5 spell levels left.
You knew the following spells:

 Your Spells              Type           Power      Damage    Failure   Level
a - Sting                 Tmut/Pois      72%        1d6       5%          1

Your spell library contained the following spells:

 Spells                   Type           Power      Damage    Failure   Level
 Poisonous Vapours        Pois/Air       26%        N/A       12%         2
 Ignite Poison            Fire/Tmut/Pois 13%        N/A       24%         3
 Mephitic Cloud           Conj/Pois/Air  10%        N/A       30%         3
 Olgreb's Toxic Radiance  Pois           24%        N/A       32%         4


Dungeon Overview and Level Annotations

Branches:
Dungeon (3/15)

Altars:
Fedhas

Annotations:
D:2 Grinder


Innate Abilities, Weirdness & Mutations

You cannot wear most types of armour.
You are amphibious.
You can wear up to eight rings at the same time.
Your skin changes colour to match your surroundings (Stealth+).
Your rubbery body absorbs attacks. (AC +1, EV +1)
((You are camouflaged near water. (Stealth+)))
You have tentacles for arms and can constrict up to eight enemies at once.


Message History

Casting: Sting (safe; 5% risk of failure)
Confirm with . or Enter, or press ? or * to list all spells.
Aiming: Sting (safe; 5% risk of failure)
Press: ? - help, Shift-Dir - straight line, f/p - Grinder
Aim: Grinder (heavily wounded, poisoned, 68% to hit)
The sting hits Grinder.
Grinder partially resists.
Grinder is heavily wounded.
Grinder gestures at you. You resist with significant effort.
Okay, then.
It was a potion of attraction.
You feel attractive to monsters.
Grinder looks more healthy.
It was a potion of curing.
You feel better.
Grinder blinks!
Casting: Sting (safe; 5% risk of failure)
Confirm with . or Enter, or press ? or * to list all spells.
You don't have enough magic to cast this spell.
It was a potion of flight.
You feel very buoyant.
You fly up into the air.
Grinder gestures at you. Pain shoots through your body!
* * * LOW HITPOINT WARNING * * *
Your magical contamination has completely faded away.
It was a potion of heal wounds.
You feel much better. Grinder hits you.
You writhe in agony.
It was a potion of brilliance.
You feel clever all of a sudden. Grinder hits you!
You writhe in agony.
* * * LOW HITPOINT WARNING * * *
Casting: Sting (safe; 5% risk of failure)
Confirm with . or Enter, or press ? or * to list all spells.
Aiming: Sting (safe; 5% risk of failure)
Press: ? - help, Shift-Dir - straight line, f/p - Grinder
Aim: Grinder (heavily wounded, 71% to hit)
You feel a surge of power!
The sting hits Grinder.
Grinder partially resists.
Grinder is severely wounded.
Grinder hits you!
You die...
Fedhas appreciates your contribution to the ecosystem.

..#
#.#.#.##
#.#
#.##..###
#.#
#....>..#
#.#
#####.#.#
#.# #.#.#
#.# #.#.#
#.# #.#>#
..# #.#.#
.##
####.#@#
.#
#....#5#
.#
#......#
.#
#)...###
.#
##....##
.#
#.....#
.#
#.....#
.#
#.....#
#######
.#
#....##
#.....†


You could see Grinder.

Vanquished Creatures
  A gnoll (D:1)
  2 dart slugs (D:1)
  5 bats (D:1)
  5 endoplasms (D:1)
  A goblin (D:1)
  3 hobgoblins
  3 jackals (D:2)
  3 kobolds (D:1)
  2 quokkas
  A ball python (D:1)
  A frilled lizard (D:2)
  3 rats (D:1)
30 creatures vanquished.

Notes
Turn   | Place    | Note
-------+----------+-------------------------------------------
     0 | D:1      | reriks the Octopode Venom Mage began the quest for the Orb.
     0 | D:1      | Reached XP level 1. HP: 11/11 MP: 3/3
   100 | D:1      | Reached XP level 2. HP: 11/18 MP: 1/5
   462 | D:1      | Found a faded altar of an unknown god.
   610 | D:1      | Became a worshipper of Fedhas Madash
   610 | D:1      | Reached * piety under Fedhas
   891 | D:1      | Reached XP level 3. HP: 22/22 MP: 2/6
  1059 | D:1      | Reached skill level 1 in Fighting
  1598 | D:2      | Reached skill level 4 in Poison Magic
  2375 | D:3      | Noticed Grinder
  2397 | D:2      | Mangled by Grinder

Illustrated notes

Levels and vault maps discovered:
D:1:      wander_arrival_desolate, layout_rooms,
          hellmonk_ecumenical_altar_slurped_away
D:2:      layout_loops_ring
D:3:      layout_rooms, uniq_grinder, uniq_crazy_yiuf_cottage

Skill      XL: |  1  2  3 |
---------------+----------+-----
Stealth        | 3 |  3.2
Fighting       | 1 |  1.2
Poison Magic   | 4 |  4.0
Dodging        | |  2.4
Spellcasting   | |  2.2
Transmutations | |  1.6

Action                   || total
-------------------------++-------
Melee: Short sword       ||    25
       Tentacles         ||     3
       Constrict         ||     4
 Cast: Sting             ||    45
  Use: Potion            ||     5
Armor: Skin              ||     3
Dodge: Dodged            ||    31

Table legend: (Time is in decaauts)
 A = Elapsed time spent in this place.
 B = Non-inter-level travel time spent in this place.
 C = Inter-level travel time spent in this place.
 D = Time resting spent in this place.
 E = Time spent auto-exploring this place.
 F = Levels seen in this place.
 G = Mean time per level.
                   A        B        C        D        E       F      G
               +--------+--------+--------+--------+--------+-----+--------+
         Total |   2399 |   2346 |     53 |   1270 |    835 |   3 |  799.7 |
       Dungeon |   2399 |   2346 |     53 |   1270 |    835 |   3 |  799.7 |
               +--------+--------+--------+--------+--------+-----+--------+

Top non-repeatable levels by time:
     D:1: 1568 daAuts
     D:2: 824 daAuts
     D:3: 5 daAuts
